 Dungeon Crawl Stone Soup version 0.19.0-2-gae57169 (webtiles) character file.

366 dobroeutro the Cudgeler (level 6, -1/39 HPs)
             Began as a Gargoyle Fighter on Nov 6, 2016.
             Slain by dobroeutro's ghost (2 damage)
             ... in a sewer.
             The game lasted 00:04:16 (2310 turns).

dobroeutro the Cudgeler (Gargoyle Fighter)          Turns: 2310, Time: 00:04:17

Health: -1/39      AC: 14    Str: 20    XL:     6   Next: 68%
Magic:  7/7        EV:  7    Int:  9    God:
Gold:   128        SH:  9    Dex: 10    Spells: 0 memorised, 5 levels left

rFire  + . .     SeeInvis .     a - +0 flail
rCold  x . .     Gourm    .     b - +0 scale mail
rNeg   + . .     Faith    .     c - +0 shield
rPois  ∞         Spirit   .     F - +0 helmet
rElec  +         Reflect  .     (no cloak)
rCorr  .         Harm     .     I - +0 pair of gloves (curse)
MR     .....                    h - +0 pair of boots (curse)
Stlth  ..........               (no amulet)
                                H - ring of fire
                                w - +5 ring of slaying (curse)

@: flying, hasted, very quick
A: negative energy resistance 1, electricity resistance, unbreathing,
petrification resistance, rot immunity, AC +4
a: no special abilities


You were in a sewer.
You were not hungry.

You visited 1 branch of the dungeon, and saw 4 of its levels.
You also visited: Sewer.

You collected 128 gold pieces.

Inventory:

Hand Weapons
 a - a +0 flail (weapon)
 G - a cursed -2 club
Armour
 b - a +0 scale mail (worn)
 c - a +0 shield (worn)
 h - a cursed +0 pair of boots (worn)
 u - a +1 plate armour of cold resistance
 F - a +0 helmet (worn)
 I - a cursed +0 pair of gloves (worn)
Jewellery
 w - a cursed +5 ring of slaying (left hand)
 H - a ring of fire (right hand)
Wands
 x - a wand of digging (12/24)
 D - a wand of polymorph (18/24)
Scrolls
 g - a scroll of amnesia
 j - a scroll of random uselessness {unknown}
 k - a scroll of enchant weapon {unknown}
 l - 5 scrolls of identify
 v - 2 scrolls of blinking {unknown}
 y - 3 scrolls of teleportation {unknown}
 E - a scroll of enchant armour {unknown}
Potions
 d - a potion of might
 e - a potion of lignification {unknown}
 i - a potion of magic {unknown}
 m - a potion of haste
 n - a potion of curing {unknown}
 o - a potion of invisibility {unknown}
 r - a potion of berserk rage {unknown}
 s - a potion of cure mutation {unknown}
 t - a potion of agility {unknown}
 z - a potion of degeneration {unknown}
Comestibles
 f - 4 bread rations
 p - a beef jerky
 A - a slice of pizza
 B - 7 fruits
 C - 2 meat rations


   Skills:
 + Level 4.4 Fighting
 * Level 5.6 Maces & Flails
 - Level 3.2 Armour
 - Level 3.2 Shields
 + Level 2.1 Evocations


You had 5 spell levels left.
You didn't know any spells.

Dungeon Overview and Level Annotations

Branches:
Dungeon (4/15)
 Temple: D:4-7

Altars:
Fedhas

Annotations:
Sewer dobroeutro's ghost, amateur GrFi


Innate Abilities, Weirdness & Mutations

You are resistant to torment.
Your stone body is resilient. (AC +4)
You are immune to poison.
You resist negative energy. (rN+)
You are resistant to electric shocks. (rElec)
You can survive without breathing.
You are immune to petrification.
You are immune to rotting.


Message History

Dobroeutro's ghost barely misses you.
Items here: ( ))) ††† You closely miss dobroeutro's ghost.
You block dobroeutro's ghost's attack.
You sock dobroeutro's ghost!
Dobroeutro's ghost is moderately damaged.
Dobroeutro's ghost hits you.
You hit dobroeutro's ghost.
Dobroeutro's ghost is heavily damaged.
Dobroeutro's ghost hits you!
* * * LOW HITPOINT WARNING * * *
Dobroeutro's ghost whispers, "Death doesn't hurt.
What you feel is life." Dobroeutro's ghost hits you.
* * * LOW HITPOINT WARNING * * *
It was a potion of flight.
You feel very buoyant.
You fly up into the air.
Dobroeutro's ghost hits you.
* * * LOW HITPOINT WARNING * * *
It was a potion of haste.
You feel yourself speed up. Dobroeutro's ghost hits you.
You die...

#≈#
#≈#
#≈#
#≈#
#≈#
#≈#
#≈#
#W#
#@#
#.#
#.#
#.#
#÷#
#.#
#∩#
#.#
#∩#


You could see dobroeutro's ghost.

Vanquished Creatures
  A big kobold (Sewer)
  2 orc priests (D:3)
  A jelly (D:3)
  A worker ant (D:4)
  Robin (D:3)
  3 adders
  3 river rats
  An ooze (D:2)
  An adder skeleton (D:4)
  5 worms
  2 dart slugs
  A leopard gecko (D:2)
  7 orcs
  5 bats
  5 giant cockroaches
  16 goblins
  12 hobgoblins
  A jackal (Sewer)
  2 quokkas (D:2)
  9 kobolds
  12 rats
91 creatures vanquished.

Notes
Turn   | Place    | Note
-------+----------+-------------------------------------------
     0 | D:1      | dobroeutro the Gargoyle Fighter began the quest for the Orb.
     0 | D:1      | Reached XP level 1. HP: 14/14 MP: 1/1
   356 | D:1      | Reached XP level 2. HP: 19/19 MP: 2/2
   730 | D:2      | Reached skill level 3 in Maces & Flails
   784 | D:2      | Reached XP level 3. HP: 20/23 MP: 3/3
   976 | D:2      | Reached skill level 4 in Maces & Flails
  1033 | D:2      | Reached XP level 4. HP: 18/28 MP: 4/4
  1501 | D:3      | Found a blossoming altar of Fedhas.
  1539 | D:3      | Reached skill level 1 in Evocations
  1540 | D:3      | Reached XP level 5. HP: 28/32 MP: 5/5
  1605 | D:3      | Reached skill level 5 in Maces & Flails
  1812 | D:3      | Noticed Robin
  1841 | D:3      | Killed Robin
  1848 | D:3      | Reached XP level 6. HP: 35/38 MP: 7/7
  2042 | D:4      | Found a glowing drain.
  2068 | Sewer    | Entered a sewer
  2222 | Sewer    | Noticed dobroeutro's ghost (amateur GrFi)
  2309 | Sewer    | HP: 1/39 [dobroeutro's ghost (3)]
  2310 | Sewer    | Slain by dobroeutro's ghost

Skill      XL: |  1  2  3  4  5  6 |
---------------+-------------------+-----
Maces & Flails | 3 4 5 |  5.6
Evocations     | 1 2 |  2.1
Fighting       | 4 |  4.4
Armour         | |  3.2
Shields        | |  3.2

Action                   |  1- 3 |  4- 6 || total
-------------------------+-------+-------++-------
Melee: Flail             |   119 |   125 ||   244
  Use: Scroll            |     2 |     2 ||     4
       Potion            |       |     2 ||     2
  Eat: Chunk             |       |     5 ||     5
Armor: Scale mail        |    83 |    70 ||   153
Dodge: Dodged            |    45 |    36 ||    81
Block: Shield            |    69 |    66 ||   135
